 Dungeon Crawl Stone Soup version 0.29.1-2-gbd0b4ee654 (webtiles) character file.

Game seed: 7764603074154842512

52 DildoBatman the Conjurer (level 4, 0/28 (30) HPs)
             Began as a Formicid Conjurer on Nov 7, 2022.
             Slain by a quokka (3 damage)
             ... on level 3 of the Dungeon.
             The game lasted 00:02:17 (801 turns).

DildoBatman the Conjurer (Formicid Conjurer)         Turns: 801, Time: 00:02:18

HP:   0/28 (30)     AC:  2    Str: 18    XL:     4   Next: 8%
MP:   5/7           EV: 12    Int: 17    God:
Gold: 33            SH:  0    Dex: 14    Spells: 4/7 levels left

rFire   . . .      SeeInvis +   d - +0 mace
rCold   . . .      Faith    .   (no shield)
rNeg    . . .      Spirit   .   a - +0 robe
rPois   .          Reflect  .   (helmet unavailable)
rElec   .          Harm     .   (no cloak)
rCorr   .          Rampage  .   (no gloves)
Will    .....                   (no boots)
Stlth   ++........              (no amulet)
HPRegen 0.09/turn               m - +6 ring of strength
MPRegen 0.10/turn               (no ring)

@: drained
A: permanent stasis, dig shafts and tunnels, antennae 3, four strong arms
a: Dig, Shaft Self


You were on level 3 of the Dungeon.
You visited 1 branch of the dungeon, and saw 3 of its levels.

You collected 33 gold pieces.

Inventory:

Hand Weapons
 d - a +0 mace (weapon)
Missiles
 e - 51 stones
Armour
 a - a +0 robe (worn)
Jewellery
 m - a +6 ring of strength (left hand)
Scrolls
 c - 2 scrolls of identify {unknown}
 f - 2 scrolls of blinking {unknown}
 g - a scroll of fear {unknown}
 h - a scroll of torment {unknown}
 j - a scroll of noise {unknown}
 k - a scroll of poison {unknown}
 n - a scroll of vulnerability {unknown}
Potions
 b - a potion of magic
 i - a potion of heal wounds {unknown}
 l - a potion of mutation {unknown}


   Skills:
 - Level 1.7 Dodging
 - Level 2.4 Stealth
 - Level 2.1 Spellcasting
 * Level 4.9 Conjurations


You had 4 spell levels left.
You knew the following spells:

 Your Spells              Type           Power      Damage    Failure   Level
a - Searing Ray           Conj           36%        2d5       3%          2
c - Magic Dart            Conj           72%        1d6       2%          1

Your spell library contained the following spells:

 Spells                   Type           Power      Damage    Failure   Level
 Dazzling Flash           Conj/Hex       20%        N/A       21%         3
 Fulminant Prism          Conj/Hex       5%         3d7       56%         4
 Iskenderun's Mystic Bla  Conj/Tloc      10%        2d4       56%         4


Dungeon Overview and Level Annotations

Branches:
Dungeon (3/15)

Altars:

Shops:
D:1 =


Innate Abilities, Weirdness & Mutations

You cannot be hasted, slowed, berserked, paralysed or teleported.
You can dig through walls and to a lower floor.
You have a pair of large antennae on your head. (SInv)
Your four strong arms can wield two-handed weapons with a shield.


Message History

The quokka bites you.
The ball python bites you but does no damage.
The ball python completely misses you. The endoplasm freezes you.
You are frozen.
The rat bites you but does no damage. The quokka bites you.
What are your orders? t - Shout!
Orders for allies: a - Attack new target. r - Retreat! s - Stop attacking. g - Guard the area. f - Follow me.
Anything else - Cancel.
You shout for attention!
The ball python barely misses you. x2
The quokka bites you. The rat bites you but does no damage.
The endoplasm hits you. What are your orders? t - Shout!
Orders for allies: a - Attack new target. r - Retreat! s - Stop attacking. g - Guard the area. f - Follow me.
Anything else - Cancel.
You shout for attention!
The ball python closely misses you. x2
The quokka bites you. The endoplasm freezes you.
You are frozen.
The rat bites you. What are your orders? t - Shout!
Orders for allies: a - Attack new target. r - Retreat! s - Stop attacking. g - Guard the area. f - Follow me.
Anything else - Cancel.
You shout for attention!
The ball python misses you. x2
The quokka bites you.
You die...

### #..####
+.r#..####
{#bJ@r....#
#.S#...#.#
#...###.#.#
#... #.#.#
##.. #.#.#
{{ #..
..#.# {{
... .....
... #.#.#
#..


You could see an endoplasm, a quokka, a bat, a ball python and a rat.

Vanquished Creatures
  3 adders (D:2)
  2 endoplasms
  A giant cockroach (D:1)
  4 goblins (D:1)
  4 hobgoblins
  3 jackals (D:1)
  A quokka (D:1)
  2 bats (D:1)
  2 frilled lizards (D:1)
  2 kobolds
24 creatures vanquished.

Notes
Turn   | Place    | Note
-------+----------+-------------------------------------------
     0 | D:1      | DildoBatman the Formicid Conjurer began the quest for the
                  | Orb.
     0 | D:1      | Reached XP level 1. HP: 13/13 MP: 3/3
   146 | D:1      | Reached XP level 2. HP: 14/19 MP: 0/5
   149 | D:1      | Learned a level 2 spell: Searing Ray
   235 | D:1      | Reached skill level 4 in Conjurations
   334 | D:1      | Found Popnot's One-of-a-Kind Rings.
   473 | D:1      | Reached XP level 3. HP: 18/24 MP: 4/6
   771 | D:2      | Reached XP level 4. HP: 30/30 MP: 1/7
   773 | D:2      | You fall into a shaft and drop 1 floor!
   801 | D:3      | Slain by a quokka

Illustrated notes

Levels and vault maps discovered:
D:1:      dpeg_arrival_morbid_curiosity, layout_rooms,
          chequers_serial_rivers_small_3, nicolae_shop_unique_rings
D:2:      layout_basic, serial_shops, nicolae_diamond_shop,
          uniq_crazy_yiuf_cottage
D:3:      minmay_chambers_of_twos, layout_loops_ring,
          dreamdust_ecumenical_altar_angels_and_demons, minmay_cut_off,
          uniq_natasha, uniq_robin, uniq_grinder

Skill      XL: |  1  2 |
---------------+-------+-----
Conjurations   | 4 |  4.9
Dodging        | |  1.7
Stealth        | |  2.4
Spellcasting   | |  2.1

Action                   |  1- 3 |  4- 6 || total
-------------------------+-------+-------++-------
Melee: Mace              |    14 |       ||    14
       Unarmed           |     1 |       ||     1
 Cast: Magic Dart        |    37 |       ||    37
       Searing Ray       |     1 |       ||     1
 Abil: Dig               |       |     1 ||     1
       Shaft Self        |       |     1 ||     1
 Stab: Sleeping          |     1 |       ||     1
Armor: Robe              |     7 |     5 ||    12
Dodge: Dodged            |    21 |    16 ||    37
